 Dungeon Crawl Stone Soup version 0.21.1-1-g345015f (webtiles) character file.

3 Yawgmoth the Digger (level 1, 10/10 HPs)
             Began as a Gargoyle Earth Elementalist on Feb 11, 2018.
             Quit the game on level 1 of the Dungeon on Feb 12, 2018.
             The game lasted 00:01:08 (210 turns).

Yawgmoth the Digger (Gargoyle Earth Elementalist)    Turns: 210, Time: 00:01:08

Health: 10/10      AC:  4    Str: 11    XL:     1   Next: 50%
Magic:  3/3        EV: 12    Int: 15    God:
Gold:   0          SH:  0    Dex: 10    Spells: 3/4 levels left

rFire    . . .     SeeInvis .   (no weapon)
rCold    . . .     Gourm    .   (no shield)
rNeg     + . .     Faith    .   c - +0 robe
rPois    ∞         Spirit   .   (no helmet)
rElec    +         Reflect  .   (no cloak)
rCorr    .         Harm     .   (no gloves)
MR       .....                  (no boots)
Stlth    ++........             (no amulet)
HPRegen  0.03/turn              (no ring)
MPRegen  0.08/turn              (no ring)

@: no status effects
A: negative energy resistance 1, electricity resistance, unbreathing,
petrification resistance, rot immunity, AC +2
a: no special abilities


You were on level 1 of the Dungeon.
You were not hungry.

You visited 1 branch of the dungeon, and saw 1 of its levels.

Inventory:

Missiles
 b - 37 stones (quivered)
Armour
 c - a +0 robe (worn)
Scrolls
 a - a scroll of fear {unknown}
Potions
 f - a potion of agility {unknown}
 h - a potion of haste {unknown}
Books
 e - a book of Geomancy
Comestibles
 d - a ration
 g - 4 chunks of flesh {@w0}


   Skills:
 + Level 1.6 Dodging
 + Level 2.3 Stealth
 + Level 2.0 Spellcasting
   Level 0.7 Transmutations
 + Level 3.7 Earth Magic


You had 3 spell levels left.
You knew the following spells:

 Your Spells              Type           Power        Failure   Level  Hunger
a - Sandblast             Erth           ##....       4%          1    #......


Dungeon Overview and Level Annotations

Branches:
Dungeon (1/15)

Altars:


Innate Abilities, Weirdness & Mutations

You are resistant to torment.
Your stone body is resilient. (AC +2)
You are immune to poison.
You resist negative energy. (rN+)
You are resistant to electric shocks. (rElec)
You can survive without breathing.
You are immune to petrification.
You are immune to rotting.


Message History

Welcome, Yawgmoth the Gargoyle Earth Elementalist.
Will you prevail where others failed? Will you find the Orb of Zot?
Found a staircase leading out of the dungeon.
As you open the large door, it creaks loudly!
A goblin comes into view. It is wielding a dagger.
The goblin shouts!
There is a large open door here.
You enter the shallow water.
Moving in this stuff is going to be slow.
Aim: a goblin, wielding a dagger The blast of sand hits the goblin.
You kill the goblin!
You hear a splash.
b - 29 stones You now have 2/3 mp.
a - a scroll labeled FIFIFO TEBA MP restored: 3
f - a lumpy purple potion You start waiting.
Done waiting.
You enter the shallow water.
Moving in this stuff is going to be slow.
Things that are here:
a dagger; a goblin corpse You butcher the goblin corpse.
g - a chunk of flesh {@w0} You see here a dagger.
A goblin comes into view. It is wielding a club.
You can't see any susceptible monsters within range! (Use Z to cast anyway.) Unknown command.
The goblin shouts!
Wield which item (- for none, * to show all)? (? for menu, Esc to quit)
b - 29 stones (in hand)
Aim: a goblin, wielding a club The blast of sand hits the goblin.
You kill the goblin!
b - 28 stones You now have 2/3 mp.
b - 39 stones (gained 11)
Things that are here:
a club; a goblin corpse You butcher the goblin corpse.
g - 4 chunks of flesh {@w0} (gained 3)
You see here a club.
MP restored: 3
h - an orange potion
Found a stone staircase leading down.
There is a stone staircase leading down here.
A rat comes into view.
Wield which item (- for none, * to show all)? (? for menu, Esc to quit)
You are now empty-handed.
Sorry, you're not good enough to have a special ability.
Unknown command.
Aim: a rat The blast of sand misses the rat.
b - 38 stones You now have 2/3 mp.
Aim: a rat The blast of sand hits the rat.
You kill the rat!
b - 37 stones You now have 1/3 mp.
You start resting.
MP restored: 3 A frilled lizard comes into view.
Save game and exit?
Welcome back, Yawgmoth the Gargoyle Earth Elementalist.
You can't see any susceptible monsters within range! (Use Z to cast anyway.) Unknown command.
You can't see any susceptible monsters within range! (Use Z to cast anyway.) Unknown command.

############
#....>......
#.####..####
##########.####..####
#.......##.#.......##
#.##.##......##..#.##
#.#....#.####..#.##
##@##.##...........
#.##.##########...
.....# #... ##?####
##.# #.# #.# #.# #.#
#l# ..#####.. #.#
......... ..##.#.#)


You could see a frilled lizard (sleeping).

Vanquished Creatures
  2 goblins (D:1)
  A rat (D:1)
3 creatures vanquished.

Notes
Turn   | Place    | Note
-------+----------+-------------------------------------------
     0 | D:1      | Yawgmoth the Gargoyle Earth Elementalist began the quest for the Orb.
     0 | D:1      | Reached XP level 1. HP: 10/10 MP: 3/3
   210 | D:1      | Quit the game

Action                   || total
-------------------------++-------
 Cast: Sandblast         ||     4

Vault maps used:
D:1:      lightli_arrival_boilingwater, minmay_pentomino_p2

Table legend:
 A = Turns spent in this place as a percentage of turns spent in the entire game.
 B = Non-inter-level travel turns spent in this place as a percentage of non-inter-level travel turns spent in the entire game.
 C = Inter-level travel turns spent in this place as a percentage of turns spent in this place.
 D = Turns resting spent in this place as a percentage of non-inter-level travel turns spent in this place.
 E = Turns spent auto-exploring this place as a percentage of non-inter-level travel turns spent in this place.
 F = Non-inter-level travel turns spent in this place divided by the number of levels of this place that you've seen.
                   A       B       C       D       E      F
               +-------+-------+-------+-------+-------+----------------------
         Total | 100.0 | 100.0 |   0.0 |  58.6 |  14.8 | 210.0
       Dungeon | 100.0 | 100.0 |   0.0 |  58.6 |  14.8 | 210.0
               +-------+-------+-------+-------+-------+----------------------

Table legend:
 A = Kills in this place as a percentage of kills in entire the game.
 B = Kills by you in this place as a percentage of kills by you in the entire game.
 C = Kills by friends in this place as a percentage of kills by friends in the entire game.
 D = Other kills in this place as a percentage of other kills in the entire game.
 E = Experience gained in this place as a percentage of experience gained in the entire game.
 F = Experience gained in this place divided by the number of levels of this place that you have seen.
                   A       B       C       D       E      F
               +-------+-------+-------+-------+-------+----------------------
         Total | 100.0 | 100.0 |   N/A |   N/A | 100.0 |   5.0
       Dungeon | 100.0 | 100.0 |   N/A |   N/A | 100.0 |   5.0
               +-------+-------+-------+-------+-------+----------------------
